 Dungeon Crawl Stone Soup version 0.31.0-32-g396128a36d (webtiles) character file.

Game seed: 11886984745668091962

70417 Vncvd the Fencer (level 15, -15/183 HPs)
             Began as a Barachi Monk on Mar 20, 2024.
             Was the Champion of Qazlal.
             Demolished by an orc knight
             ... wielding a +1 glaive of protection
              (24 damage)
             ... on level 2 of the Orcish Mines.
             The game lasted 01:10:24 (21581 turns).

Vncvd the Fencer (Barachi Monk)                    Turns: 21581, Time: 01:10:24

Health: -15/183    AC: 14    Str: 15    XL:     15   Next: 33%
Magic:  27/32      EV: 18    Int: 14    God:    Qazlal [******]
Gold:   2398       SH: 13    Dex: 22    Spells: 25/40 levels left

rFire   + . .        L - +3 scimitar (heavy)
rCold   . . .        R - +0 buckler of the Orb {rF+}
rNeg    . . .        C - +0 leather armour "Maempun" {rElec rPois Regen+}
rPois   +            p - +0 helmet
rElec   +            F - +2 cloak
rCorr   .            Q - +2 pair of gloves
SInv    .            (no boots)
Will    +....        l - amulet of the acrobat Stlth
                     K - +6 ring of dexterity
HPRegen 1.30/turn    z - +5 ring of evasion
MPRegen 0.23/turn

%: repel missiles, acrobat
@: berserking, protected from physical damage, studying Throwing, quick
A: amphibious, slowness 1, strong legs 2, +LOS, hooves 1
a: Hop, Renounce Religion, Upheaval, Elemental Force, Disaster Area


You were on level 2 of the Orcish Mines.
You worshipped Qazlal.
Qazlal was exalted by your worship.
You visited 4 branches of the dungeon, and saw 21 of its levels.

You collected 2398 gold pieces.

Inventory:

Hand Weapons
 L - a +3 heavy scimitar (weapon)
Missiles
 k - a throwing net
 r - 18 poisoned darts (quivered)
 M - 5 curare-tipped darts
Armour
 d - an orb of light
 p - a +0 helmet (worn)
 C - the +0 leather armour "Maempun" (worn) {rElec rPois Regen+}
   (You found it on level 7 of the Dungeon)

   rElec:     It insulates you from electricity.
   rPois:     It protects you from poison Regen+: It increases your rate of
   health regeneration.
 F - a +2 cloak (worn)
 Q - a +2 pair of gloves (worn)
 R - the +0 buckler of the Orb (worn) {rF+}
   (You found it on level 5 of the Lair of Beasts)

   rF+:       It protects you from fire.
Jewellery
 f - an amulet of guardian spirit
 l - an amulet of the acrobat (around neck)
 y - a +4 ring of protection
 z - a +5 ring of evasion (right hand)
 E - a ring of poison resistance
 J - a ring of ice
 K - a +6 ring of dexterity (left hand)
Talismans
 S - a storm talisman
Wands
 o - a wand of flame (58)
 q - a wand of iceblast (30)
 H - a wand of paralysis (2)
Scrolls
 e - a scroll of blinking
 g - 2 scrolls of enchant weapon
 j - 2 scrolls of immolation
 s - 2 scrolls of summoning
 t - a scroll of torment
 x - 3 scrolls of vulnerability
 A - a scroll of teleportation
 G - a scroll of identify
 O - a scroll of fear
 P - a scroll of silence
Potions
 a - 2 potions of lignification
 b - 2 potions of might
 c - a potion of ambrosia
 h - 5 potions of curing
 i - 3 potions of degeneration
 m - 6 potions of haste
 n - a potion of mutation
 v - 3 potions of attraction
 w - 3 potions of brilliance
 B - a potion of magic
 D - a potion of invisibility
 I - 2 potions of berserk rage
Miscellaneous
 N - a phantom mirror


   Skills:
 + Level 12.4 Fighting
 - Level 16.0 Long Blades
 + Level 7.5 Throwing
 * Level 4.1 Armour
 - Level 3.2 Dodging
 * Level 13.3 Spellcasting
 - Level 4.3 Conjurations
 + Level 11.1 Summonings
 - Level 9.3 Ice Magic
 + Level 2.4 Air Magic
 + Level 7.9 Invocations


You had 25 spell levels left.
You knew the following spells:

 Your Spells              Type           Power      Damage    Failure   Level
a - Call Imp              Summ           80%        N/A       1%          2
b - Frozen Ramparts       Ice            70%        1d11      1%          3
c - Hailstorm             Conj/Ice       28%        3d8       2%          3
d - Summon Hydra          Summ           20%        N/A       73%         7

Your spell library contained the following spells:

 Spells                   Type           Power      Damage    Failure   Level
 Freeze                   Ice            100%       1d10      1%          1
 Ozocubu's Armour         Ice            35%        N/A       1%          3
 Magic Dart               Conj           84%        1d7       2%          1
 Ensorcelled Hibernation  Hex/Ice        44%        N/A       2%          2
 Shock                    Conj/Air       72%        1d7       3%          1
 Searing Ray              Conj           42%        2d6       3%          2
 Kiss of Death            Conj/Necr      60%        2d10      5%          1
 Swiftness                Air            16%        N/A       14%         3
 Blink                    Tloc           18%        N/A       19%         2
 Lesser Beckoning         Tloc           18%        N/A       19%         2
 Sublimation of Blood     Necr           9%         N/A       19%         2
 Confusing Touch          Hex            9%         N/A       36%         3
 Fugue of the Fallen      Necr           9%         N/A       36%         3
 Gell's Gravitas          Tloc           9%         N/A       36%         3
 Passwall                 Erth           9%         N/A       36%         3
 Teleport Other           Tloc           9%         N/A       36%         3
 Airstrike                Air            8%         2d(2-18)  41%         4
 Brom's Barrelling Bould  Conj/Erth      15%        2d4       45%         4
 Fulminant Prism          Conj/Alch      7%         3d6       45%         4
 Iskenderun's Battlesphe  Conj           21%        2d7       52%         5
 Anguish                  Hex/Necr       4%         N/A       77%         4
 Cause Fear               Hex            4%         N/A       77%         4
 Dispel Undead            Necr           9%         3d8       77%         4
 Manifold Assault         Tloc           9%         N/A       77%         4
 Fireball                 Conj/Fire      7%         3d5       82%         5
 Conjure Ball Lightning   Conj/Air       9%         3x3d6     99%         6
 Enfeeble                 Hex            4%         N/A       100%        7
 Haunt                    Necr/Summ      12%        N/A       100%        7
 Orb of Destruction       Conj           10%        9d6       100%        7
 Borgnjor's Revivificati  Necr           4%         N/A       100%        8
 Death's Door             Necr           4%         N/A       100%        9


Dungeon Overview and Level Annotations

Branches:
Dungeon (13/15)            Temple (1/1) D:7            Lair (5/5) D:10
 Shoals (0/4) Lair:2        Snake (0/4) Lair:2        Slime (0/5) Lair:5
    Orc (2/2) D:12            Elf (0/3) Orc:2
 Vaults: D:13-14

Altars:
Ashenzari
Cheibriados
Dithmenos
Elyvilon
Fedhas
Gozag
Hepliaklqana
Kikubaaqudgha
Makhleb
Nemelex Xobeh
Okawaru
Qazlal
Ru
Sif Muna
Trog
Uskayaw
Vehumet
Wu Jian
Xom
Yredelemnul
Zin
The Shining One
Jiyva
Lugonu

Shops:
D:5 *   Orc:1 (

Portals:
Abyss: Lair:5

Annotations:
D:6 3 runed translucent doors, flestrin's ghost, novice DECj
D:10 2 transporters, Cuillere's ghost, journeyman MiFi
Lair:2 exclusion: oklob plant
Lair:3 exclusion: oklob plant
Lair:5 4 runed translucent doors, gohu's ghost, journeyman DjFE


Innate Abilities, Weirdness & Mutations

You are amphibious.
You cover ground slowly.
You can hop long distances.
You have an extended range of vision and can be seen from far away.
You have large cloven feet.


Message History

The puff of flame is repelled.
You block the orc knight's attack.
A red film seems to cover your vision as you go berserk!
You feel yourself moving faster!
You feel mighty!
The orc knight is engulfed in freezing vapours.
The orc knight hits you from afar with a +1 glaive of protection!
* * * LOW HITPOINT WARNING * * *
You feel more protected from physical attacks.
You hear some strange, mumbled words.
A puff of flame appears from out of thin air!
You block the puff of flame.
The orc knight hits you with a +0 bardiche!!!
* * * LOW HITPOINT WARNING * * *
You feel more protected from physical attacks.
You are too injured to fight recklessly!
You barely miss the orc. You kick the orc!
You kill the orc!
Qazlal accepts your kill.
The orc knight no longer looks unusually strong.
The orc knight is engulfed in freezing vapours.
You block the orc knight's attack.
The orc knight hits you with a +0 bardiche.
* * * LOW HITPOINT WARNING * * *
You slice the orc knight!! Your kick misses the orc knight.
The orc knight is almost dead.
You hear a shout!
You block the orc knight's attack.
You hear some strange, mumbled words.
A magic dart appears from out of thin air!
The magic dart hits you but does no damage.
You feel more protected from physical attacks.
The orc knight misses you.
You slice the orc knight!!
You kill the orc knight!
Qazlal accepts your kill.
You open something like a pillowcase!!! Qazlal accepts your kill.
Reactivating autopickup.
You feel a bit more experienced.
The orc knight hits you from afar with a +1 glaive of protection!!
You die...

........ #.................
#.#...####...............≈
#....#.###...............
#......#................
##.............#........
###)#.##...............(..
##.......°.§....(.....$....
#......).☼)o#..............
#####........#@#.#.............
#.........#.###○)o......(......
##.##......###.#o..............
#...##....###..{).....[........
####.####.#####.......)....^.....
#.#...##### #.........).).....#.
........## ##....#.#[#.........
.........# #.....####..........
#.#.#.#.## ##.#. ##.........


You could see an orc knight (strong), an orc sorcerer (strong) and an orc
(strong).

Vanquished Creatures
  Saint Roka (Orc:2)
  An ettin (Orc:2)
  Josephine (Lair:4)
  Fannar (D:12)
  Erolcha (Orc:1)
  2 hydras (Lair:5)
  A centaur warrior (D:13)
  2 two-headed ogres
  A boulder beetle (Lair:3)
  6 death yaks (Lair:5)
  3 thrashing horrors (Lair:5)
  Nergalle (D:10)
  2 orc high priests
  Sonja (Lair:4)
  3 skysharks (Lair:5)
  Lodul (D:12)
  2 large abominations (Lair:5)
  2 orc knights
  A manticore (D:12)
  4 cyclopes
  3 ugly things (Lair:5)
  4 orc sorcerers
  A meliai (shapeshifter) (Lair:5)
  10 elephants
  Maurice (D:10)
  10 black mambas
  2 kobold blastminers
  2 torpor snails
  2 gargoyles
  9 cane toads
  Jeremiah (D:8)
  7 komodo dragons
  2 efreet
  A rime drake (Lair:1)
  Psyche (D:8)
  5 trolls
  A burning bush (Lair:5)
  A queen bee (shapeshifter) (Lair:5)
  A polar bear (Lair:4)
  2 raiju (Lair:5)
  A hornet (D:8)
  16 blink frogs
  5 dream sheep (Lair:3)
  A spriggan (Lair:5)
  3 ynoxinuls (Lair:5)
  5 slime creatures (D:12)
  55 yaks
  A shadow (D:9)
  A spriggan (shapeshifter) (Lair:5)
  8 small abominations (Lair:5)
  2 vampires
  7 basilisks
  6 wraiths
  9 wyverns
  6 wargs (Orc:1)
  3 vampire mosquitoes (D:11)
  A steam dragon (D:6)
  An acid dragon (D:10)
  17 water moccasins
  19 orc warriors
  An ice beast (D:8)
  2 black bears (D:10)
  9 centaurs
  13 wolves
  15 ogres
  A phantom (D:7)
  4 kobold brigands
  A scorpion (D:4)
  12 bullfrogs
  3 wights (D:8)
  3 killer bees (D:9)
  4 electric eels
  A bombardier beetle (D:4)
  2 hounds
  12 orc priests
  2 gnoll boudas
  5 iguanas
  34 orc wizards
  3 sleepcaps
  6 gnolls
  10 adders
  A shadow imp (D:7)
  3 white imps
  2 ufetubi (D:5)
  A dart slug (D:2)
  2 ribbon worms (D:2)
  86 orcs
  11 ball pythons
  2 bats
  7 endoplasms
  4 giant cockroaches
  15 goblins
  3 hobgoblins
  6 jackals
  30 kobolds
  3 quokkas
  4 frilled lizards
  8 rats
601 creatures vanquished.

Vanquished Creatures (collateral kills)
  A cane toad (Lair:3)
  2 orcs
3 creatures vanquished.

Grand Total: 604 creatures vanquished

Notes
Turn   | Place    | Note
-------+----------+-------------------------------------------
     0 | D:1      | Vncvd the Barachi Monk began the quest for the Orb.
     0 | D:1      | Reached XP level 1. HP: 18/18 MP: 1/1
   133 | D:1      | Reached skill level 4 in Long Blades
   133 | D:1      | Reached XP level 2. HP: 25/25 MP: 2/2
   261 | D:1      | Reached skill level 1 in Spellcasting
   298 | D:1      | Reached XP level 3. HP: 30/30 MP: 4/4
  1354 | D:2      | Reached XP level 4. HP: 24/37 MP: 3/6
  1446 | D:2      | Reached skill level 5 in Long Blades
  1826 | D:3      | Found a radiant altar of Vehumet.
  2255 | D:3      | Found an iron altar of Okawaru.
  2293 | D:3      | Reached XP level 5. HP: 28/43 MP: 8/8
  2644 | D:4      | Gained mutation: You have hidden genetic potential. [potion
                  | of mutation]
  2644 | D:4      | Gained mutation: You occasionally lose the ability to drink
                  | potions when taking damage. [potion of mutation]
  2644 | D:4      | Gained mutation: Your spells are a little harder to cast,
                  | but a little more powerful. [potion of mutation]
  2645 | D:4      | Lost mutation: You have hidden genetic potential. [potion
                  | of mutation]
  2645 | D:4      | Lost mutation: Your spells are a little harder to cast, but
                  | a little more powerful. [potion of mutation]
  2645 | D:4      | Lost mutation: You occasionally lose the ability to drink
                  | potions when taking damage. [potion of mutation]
  2645 | D:4      | Gained mutation: You have large cloven feet. [potion of
                  | mutation]
  3050 | D:4      | Reached skill level 6 in Long Blades
  3055 | D:4      | Reached skill level 5 in Fighting
  3055 | D:4      | Reached XP level 6. HP: 45/51 MP: 7/9
  3125 | D:4      | Learned a level 2 spell: Call Imp
  3870 | D:5      | Entered Level 5 of the Dungeon
  3952 | D:5      | Found an ancient bone altar of Kikubaaqudgha.
  4053 | D:5      | Reached skill level 1 in Summonings
  4167 | D:5      | Found Eneno's Fire Supplies.
  4813 | D:6      | Found an ornate altar of the Wu Jian Council.
  4898 | D:6      | Learned a level 3 spell: Frozen Ramparts
  4980 | D:6      | Found a runed translucent gate.
  4980 | D:6      | Found a runed translucent gate.
  4980 | D:6      | Found a runed translucent gate.
  4980 | D:6      | Noticed flestrin's ghost (novice DECj)
  4982 | D:6      | Reached XP level 7. HP: 54/56 MP: 9/12
  5033 | D:6      | Noticed a steam dragon
  5041 | D:6      | Killed a steam dragon
  5042 | D:6      | Reached skill level 7 in Long Blades
  5042 | D:6      | Reached skill level 1 in Ice Magic
  5195 | D:6      | Found a sacrificial altar of Ru.
  6075 | D:7      | Reached XP level 8. HP: 64/64 MP: 14/14
  6302 | D:7      | Found a staircase to the Ecumenical Temple.
  6308 | D:7      | Reached skill level 8 in Long Blades
  6312 | Temple   | Entered the Ecumenical Temple
  6319 | Temple   | Became a worshipper of Qazlal Stormbringer
  6319 | Temple   | Reached * piety under Qazlal
  6319 | Temple   | Reached ** piety under Qazlal
  6344 | D:7      | Reached skill level 5 in Spellcasting
  6572 | D:7      | Identified the +0 leather armour "Maempun" {rElec rPois
                  | Regen+}
  6675 | D:7      | Found a shadowy altar of Dithmenos.
  6676 | D:7      | Noticed a shadow
  6678 | D:7      | Found a hazy altar of Hepliaklqana.
  7015 | D:8      | Noticed a hornet
  7022 | D:8      | Killed a hornet
  7023 | D:8      | Reached skill level 1 in Invocations
  7047 | D:8      | Noticed Jeremiah
  7117 | D:8      | Reached XP level 9. HP: 55/71 MP: 17/17
  7267 | D:8      | Noticed Psyche
  7282 | D:8      | Killed Psyche
  7283 | D:8      | Reached skill level 9 in Long Blades
  7414 | D:8      | Found a shimmering blue altar of Sif Muna.
  7540 | D:8      | Reached skill level 5 in Summonings
  7870 | D:8      | Found a blossoming altar of Fedhas.
  7873 | D:8      | Found an opulent altar of Gozag.
  7903 | D:8      | Killed Jeremiah
  7904 | D:8      | Reached skill level 10 in Long Blades
  7904 | D:8      | Reached XP level 10. HP: 46/79 MP: 20/20
  8167 | D:9      | Reached skill level 5 in Ice Magic
  8205 | D:9      | Reached *** piety under Qazlal
  8541 | D:9      | Noticed a gargoyle
  8635 | D:9      | Killed a gargoyle
  8711 | D:9      | Identified the +2 war axe "Yxovaukk" {flame, rN++ Int+3}
  8808 | D:9      | Found a burning altar of Makhleb.
  9065 | D:9      | blade
  9111 | D:10     | Entered Level 10 of the Dungeon
  9115 | D:10     | Noticed an elephant
  9143 | D:9      | Killed an elephant
  9293 | D:10     | Found a staircase to the Lair.
  9340 | D:9      | Reached skill level 11 in Long Blades
  9679 | D:10     | Reached XP level 11. HP: 77/87 MP: 23/23
  9687 | D:10     | Reached **** piety under Qazlal
  9727 | D:10     | Noticed a two-headed ogre
  9764 | D:10     | Killed a two-headed ogre
  9824 | D:10     | Noticed Nergalle
  9863 | D:10     | Killed Nergalle
  9875 | D:10     | Found a broken altar of Ashenzari.
  9985 | D:10     | Noticed Maurice
 10011 | D:10     | Maurice stole a ring of poison resistance
 10014 | D:10     | Killed Maurice
 10023 | D:10     | Noticed a two-headed ogre
 10029 | D:10     | Noticed Cuillere's ghost (journeyman MiFi)
 10033 | D:10     | Noticed a manticore
 10033 | D:10     | Noticed a sea snake
 10054 | D:10     | Found a transporter.
 10057 | D:10     | Noticed a moth of wrath
 10196 | D:10     | Found a transporter.
 10197 | D:10     | Noticed an orb spider
 10243 | D:10     | Learned a level 3 spell: Hailstorm
 10673 | D:11     | Reached skill level 12 in Long Blades
 10886 | D:11     | Noticed a cyclops
 10920 | D:11     | Killed a cyclops
 11046 | D:11     | Reached ***** piety under Qazlal
 11120 | D:11     | Reached XP level 12. HP: 96/96 MP: 25/25
 11268 | D:11     | Reached skill level 5 in Invocations
 11427 | D:11     | HP: 2/96 [efreet/+3 scimitar of flaming (3)]
 11740 | D:12     | Learned a level 7 spell: Summon Hydra
 12294 | D:12     | Noticed Fannar
 12300 | D:12     | Reached skill level 10 in Spellcasting
 12328 | D:12     | Killed Fannar
 12329 | D:12     | Reached skill level 13 in Long Blades
 12440 | D:12     | Noticed Lodul
 12454 | D:12     | Killed Lodul
 12455 | D:12     | Reached skill level 10 in Fighting
 12516 | D:12     | Found a staircase to the Orcish Mines.
 12966 | D:13     | Noticed a centaur warrior
 12978 | D:13     | Killed a centaur warrior
 13151 | Lair:1   | Entered Level 1 of the Lair of Beasts
 13906 | Lair:2   | Found a staircase to the Shoals.
 13962 | Lair:1   | Gained mutation: You can hop long distances. [Barachi
                  | growth]
 13962 | Lair:1   | Reached XP level 13. HP: 50/104 MP: 24/27
 14123 | Lair:2   | Reached skill level 14 in Long Blades
 14147 | Lair:2   | Found a staircase to the Snake Pit.
 14909 | Lair:2   | Found a snail-covered altar of Cheibriados.
 15291 | Lair:3   | HP: 3/104 [boulder beetle (12)]
 15294 | Lair:3   | Reached skill level 1 in Throwing
 16612 | Lair:4   | Noticed Sonja
 16658 | Lair:4   | Killed Sonja
 16668 | Lair:4   | Reached skill level 1 in Conjurations
 16782 | Lair:4   | Noticed Josephine
 16793 | Lair:4   | Killed Josephine
 16995 | Lair:4   | Reached skill level 15 in Long Blades
 17000 | Lair:4   | Reached XP level 14. HP: 106/113 MP: 24/30
 17007 | Lair:4   | Reached skill level 10 in Summonings
 17511 | Lair:5   | Entered Level 5 of the Lair of Beasts
 17677 | Lair:5   | Reached skill level 5 in Throwing
 18403 | Lair:5   | Reached ****** piety under Qazlal
 18464 | Lair:5   | HP: 4/114 [black bear (shapeshifter) (3)]
 18972 | Lair:5   | Identified the +0 buckler of the Orb {rF+}
 19040 | Lair:5   | Reached skill level 16 in Long Blades
 19200 | Lair:5   | Found a corrupted altar of Lugonu.
 19200 | Lair:5   | Found a one-way gate to the infinite horrors of the Abyss.
 19328 | Lair:5   | Found a runed translucent gate.
 19328 | Lair:5   | Found a runed translucent gate.
 19328 | Lair:5   | Found a runed translucent gate.
 19328 | Lair:5   | Noticed an azure jelly
 19328 | Lair:5   | Noticed an azure jelly
 19328 | Lair:5   | Noticed an acid blob
 19329 | Lair:5   | Noticed an azure jelly
 19329 | Lair:5   | Noticed an acid blob
 19329 | Lair:5   | Noticed an acid blob
 19330 | Lair:5   | Noticed an azure jelly
 19330 | Lair:5   | Noticed an acid blob
 19330 | Lair:5   | Noticed a quicksilver ooze
 19330 | Lair:5   | Noticed gohu's ghost (journeyman DjFE)
 19330 | Lair:5   | Noticed an azure jelly
 19331 | Lair:5   | Noticed an acid blob
 19331 | Lair:5   | Noticed an azure jelly
 19331 | Lair:5   | Noticed an acid blob
 19334 | Lair:5   | Found a viscous altar of Jiyva.
 19513 | Lair:5   | Found a runed translucent door.
 19579 | Lair:5   | Found a viscous altar of Jiyva.
 19579 | Lair:5   | Noticed an azure jelly
 19580 | Lair:5   | Found a staircase to the Slime Pits.
 19580 | Lair:5   | Noticed an azure jelly
 19581 | Lair:5   | Noticed an azure jelly
 19921 | Orc:1    | Entered Level 1 of the Orcish Mines
 19923 | Orc:1    | Noticed Erolcha
 19946 | Orc:1    | Killed Erolcha
 20015 | Orc:2    | Entered Level 2 of the Orcish Mines
 20074 | Orc:1    | Reached skill level 1 in Armour
 20343 | Orc:1    | Reached XP level 15. HP: 110/120 MP: 29/32
 20362 | Orc:2    | Found a staircase to the Elven Halls.
 20514 | Orc:2    | Noticed Saint Roka
 20533 | Orc:2    | Killed Saint Roka
 20534 | Orc:2    | Reached skill level 1 in Air Magic
 21383 | Orc:1    | Found Gykikhan's Weapon Shoppe.
 21578 | Orc:2    | HP: 7/183 [orc knight/+0 bardiche (5)]
 21581 | Orc:2    | Demolished by an orc knight

Illustrated notes

###... ##########.#.##
#............#
#.########.#.# #.#
#.#.# #.# #.#.# #.#
#.#.# ######.# #...#
##..@##.# ######
#.###.#.###########..
#.# #...........#....
##.###.###.#####.#.#.#
#......# #.# #.#.#.#
#.#.#..###<# #.....#
##.##.#....)# ##.....#
#..########.####......#
#.## #.....##.#....#


Turn 9065 on D:9: blade

Levels and vault maps discovered:
D:1:      giann_forest_graveyard, layout_basic
D:2:      layout_basic, serial_corexii_hall, chequers_hall_statues_corner_a,
          chequers_hall_statues_corner_a, minmay_unequal
D:3:      layout_basic, mainiacjoe_overflow_24_doors, vehumet_altar_wand_db,
          corexii_shack, dreamdust_princess_corridor, dk_noncrumbling_2
D:4:      layout_layer_cave
D:5:      layout_basic, nicolae_kikubaaqudgha_miasma_corner,
          nicolae_eternal_life, minmay_crystal_room, nicolae_shop_fire_sale
          [nicolae_sub_dead_trees], minmay_fountain_box
D:6:      layout_basic, nicolae_ru_path_of_blood, mainiacjoe_overflow_brackets,
          ebering_ghost_rock_garden
D:7:      layout_basic, riverfiend_overflow_shadow_ancestor,
          minmay_temple_entry_enclosed_plants, minmay_fractal_squares_diagonal_5
D:8:      layout_rooms, lemuel_blue_sif_altar, nicolae_overflow_squiral,
          uniq_psyche, uniq_jeremiah
D:9:      layout_loops_ring, mainiacjoe_overflow_boulevard
D:10:     layout_irregular_city, nicolae_ashenzari_skybound, david_lair_generic,
          nzn_ghost_randoct, minivault_4, uniq_maurice, uniq_nergalle
D:11:     layout_irregular_city
D:12:     layout_basic, hiddenorc2_lemuel, uniq_fannar, uniq_lodul
D:13:     layout_gridville, grunt_vaults_entry_fortified
Temple:   eino_temple_lava
Lair:1:   layout_gridlike, hibernation_bobbens, grunt_megastairs_1
Lair:2:   layout_cave_pods, shoals_dummy_entry,
          minmay_snake_entry_six_corridors, basic_altar,
          minmay_lair_oklob_bushes, chequers_serial_rivers_room_b, minmay_holes,
          minivault_26, chequers_serial_rivers_large_a,
          eino_small_chamber_without_monster
Lair:3:   layout_chaotic_city, chequers_serial_rivers_micro_c
Lair:4:   layout_gridlike, serial_bayou_shore_b, uniq_josephine, uniq_sonja
Lair:5:   hellmonk_lair_end_abyssal_woods, layout_cave_pods, slime_entry_2,
          gammafunk_ghost_ooze, evilmike_ambush [evilmike_ambush_outer_doors,
          evilmike_ambush_inner_wall_2], serial_bayou_shore_b
Orc:1:    cheibrodos_orc_guarddog, layout_caves, serial_shops,
          nicolae_shop_rolling_square, nicolae_orc_damp_corner, uniq_erolcha
Orc:2:    st_orc_elflike, layout_caves, nicolae_volcano_entry_lava_flow,
          mines4_lemuel, uniq_saint_roka

Skill      XL: |  1  2  3  4  5  6  7  8  9 10 11 12 13 14 15 |
---------------+----------------------------------------------+-----
Long Blades    | 4 5 6 7 8 10 11 12 13 15 16 | 16.0
Spellcasting   | 1 2 3 4 5 6 8 9 10 12 13 | 13.3
Fighting       | 4 5 6 7 8 9 10 11 12 | 12.4
Summonings     | 1 2 4 5 6 7 9 10 11 | 11.1
Ice Magic      | 2 3 4 6 7 8 9 |  9.3
Invocations    | 1 2 3 4 5 6 7 |  7.9
Throwing       | 4 6 7 |  7.5
Conjurations   | 2 4 |  4.3
Armour         | 1 4 |  4.1
Air Magic      | 2 |  2.4
Dodging        | |  3.2

Action                     |  1- 3 |  4- 6 |  7- 9 | 10-12 | 13-15 || total
---------------------------+-------+-------+-------+-------+-------++-------
  Melee: Falchion          |   118 |   156 |   196 |   411 |       ||   881
         Kick              |       |    22 |    74 |   289 |   251 ||   636
         Scimitar          |       |       |       |   204 |   592 ||   796
  Throw: Dart              |       |     2 |     5 |     1 |    13 ||    21
         Throwing net      |       |       |     1 |       |       ||     1
   Cast: Call Imp          |       |       |     5 |     8 |     4 ||    17
         Frozen Ramparts   |       |       |     4 |    25 |    40 ||    69
         Hailstorm         |       |       |       |     4 |     9 ||    13
 Invoke: Elemental Force   |       |       |       |       |     1 ||     1
         Disaster Area     |       |       |       |       |     1 ||     1
  Evoke: Wand              |       |       |       |     3 |       ||     3
    Use: Potion            |       |     2 |       |     1 |     8 ||    11
         Scroll            |       |    10 |     8 |     8 |     4 ||    30
   Stab: Distracted        |       |       |     1 |       |       ||     1
 Armour: Robe              |    60 |       |       |       |       ||    60
         Leather armour    |     8 |    45 |    47 |   311 |   406 ||   817
         Ring mail         |       |    62 |    45 |       |       ||   107
  Dodge: Dodged            |    99 |   137 |   156 |   542 |   594 ||  1528
         Repelled          |       |       |       |     5 |    10 ||    15
  Block: Buckler           |       |       |       |       |   171 ||   171
